 Dungeon Crawl Stone Soup version 0.21-a0-536-gdbbf329 (webtiles) character file.

819 graki42 the Magician (level 7, -1/37 HPs)
             Began as a Deep Elf Fire Elementalist on Dec 14, 2017.
             Was a Follower of Vehumet.
             Slain by a hornet zombie (9 damage)
             ... on level 5 of the Dungeon.
             The game lasted 00:13:05 (5003 turns).

graki42 the Magician (Deep Elf Fire Elementalist)   Turns: 5003, Time: 00:13:06

Health: -1/37      AC:  2    Str: 12    XL:     7   Next: 63%
Magic:  1/19       EV: 19    Int: 20    God:    Vehumet [*.....]
Gold:   145        SH:  0    Dex: 20    Spells: 9/20 levels left

rFire    . . .     SeeInvis .   q - +4 flail (holy)
rCold    . . .     Gourm    .   (no shield)
rNeg     . . .     Faith    .   a - +0 robe
rPois    .         Spirit   .   (no helmet)
rElec    .         Reflect  .   (no cloak)
rCorr    .         Harm     .   (no gloves)
MR       .....                  (no boots)
Stlth    ++++......             (no amulet)
HPRegen  0.12/turn              r - +5 ring of strength
MPRegen  0.16/turn              (no ring)

@: agile
A: no striking features
a: Renounce Religion


You were on level 5 of the Dungeon.
You worshipped Vehumet.
Vehumet was aware of your devotion.
You were not hungry.

You visited 1 branch of the dungeon, and saw 5 of its levels.

You collected 145 gold pieces.

Inventory:

Hand Weapons
 q - a +4 flail of holy wrath (weapon)
Armour
 a - a +0 robe (worn)
Jewellery
 r - a +5 ring of strength (left hand)
Wands
 y - a wand of digging (11)
Scrolls
 d - a scroll of enchant weapon {unknown}
 g - 5 scrolls of remove curse {unknown}
 h - 2 scrolls of teleportation {unknown}
 m - 6 scrolls of identify {unknown}
 n - a scroll of magic mapping {unknown}
 t - a scroll of enchant armour {unknown}
 u - a scroll of amnesia {unknown}
 v - a scroll of fog {unknown}
 x - a scroll of fear {unknown}
Potions
 e - 2 potions of agility
 i - 2 potions of brilliance {unknown}
 j - a potion of curing
 k - a potion of degeneration {unknown}
 l - a potion of flight {unknown}
 o - 2 potions of might {unknown}
 s - a potion of haste {unknown}
 w - a potion of magic {unknown}
 z - a potion of invisibility {unknown}
Books
 b - a book of Flames

   Spells                             Type                      Level
   a - Flame Tongue                   Conjuration/Fire             1
   b - Throw Flame                    Conjuration/Fire             2
   c - Conjure Flame                  Conjuration/Fire             3
   d - Inner Flame                    Hexes/Fire                   3
   e - Sticky Flame                   Conjuration/Fire             4
   f - Fireball                       Conjuration/Fire             5
Comestibles
 c - 6 bread rations
 f - 2 meat rations
 p - 2 royal jellies
 A - 2 chunks of flesh


   Skills:
 + Level 0.9 Fighting
 + Level 3.3 Dodging
 + Level 3.9 Stealth
 + Level 7.0 Spellcasting
 + Level 4.4 Conjurations
 + Level 6.0 Fire Magic


You had 9 spell levels left.
You knew the following spells:

 Your Spells              Type           Power        Failure   Level  Hunger
a - Flame Tongue          Conj/Fire      ####.        1%          1    None
b - Conjure Flame         Conj/Fire      ####....     3%          3    #......
c - Inner Flame           Hex/Fire       ###.....     9%          3    #......
d - Sticky Flame          Conj/Fire      ####....     11%         4    ###....


Dungeon Overview and Level Annotations

Branches:
Dungeon (5/15)
 Temple: D:4-7

Altars:
Kikubaaqudgha
Nemelex Xobeh
Ru
Sif Muna
Trog
Vehumet
Xom


Message History

The hornet zombie burns!
The hornet zombie hits you!
* * * LOW HITPOINT WARNING * * *
There is a stone staircase leading down, spattered with blood here.
The hornet zombie burns!
It was a potion of agility.
You feel agile all of a sudden.
The hornet zombie burns!
The hornet zombie stops burning.
The hornet zombie closely misses you.
Casting: Sticky Flame
Confirm with . or Enter, or press ? or * to list all spells.
Okay, then.
Casting: Sticky Flame
Confirm with . or Enter, or press ? or * to list all spells.
Aiming: Flame Tongue
Press: ? - help, Shift-Dir - straight line, f/p - hornet zombie
Aim: a hornet zombie (severely damaged)
The flame tongue hits the hornet zombie.
The hornet zombie is almost destroyed.
The hornet zombie hits you!
You die...

..##....#########
..##....###.....##
........#.......#
............#......%#
............#.......# ########
#...###....##.....# .
#..##..###...###....##.....##...
................................
................@Z...)..........
................................
................................
...##...###...####'##########...
...##...###...###...# ..
#'###...>.......#..... .
................#.......
................#.........
................#.........


You could see a hornet zombie.

Vanquished Creatures
  An ice beast (D:5)
  A phantom (D:4)
  An ogre (D:5)
  A bullfrog skeleton (D:4)
  A hound (D:4)
  A jelly (D:5)
  A centaur skeleton (D:5)
  3 orc priests
  Terence (D:3)
  2 worker ants (D:4)
  3 orc wizards
  A hound zombie (D:5)
  A worker ant zombie (D:5)
  5 adders
  An ooze (D:1)
  An adder skeleton (D:5)
  3 worms
  A dart slug (D:1)
  A leopard gecko (D:3)
  18 orcs
  4 giant cockroaches
  4 goblins
  8 hobgoblins
  10 jackals
  4 quokkas
  2 ball pythons (D:2)
  10 bats
  11 frilled lizards
  11 kobolds
  A quokka skeleton (D:4)
  6 rats
119 creatures vanquished.

Notes
Turn   | Place    | Note
-------+----------+-------------------------------------------
     0 | D:1      | graki42 the Deep Elf Fire Elementalist began the quest for the Orb.
     0 | D:1      | Reached XP level 1. HP: 10/10 MP: 6/6
   139 | D:1      | Reached XP level 2. HP: 15/15 MP: 4/8
   431 | D:1      | Reached XP level 3. HP: 19/19 MP: 5/9
   537 | D:1      | Learned a level 3 spell: Conjure Flame
   541 | D:1      | Learned a level 3 spell: Inner Flame
   785 | D:2      | Reached skill level 4 in Spellcasting
   846 | D:2      | Reached XP level 4. HP: 24/24 MP: 7/12
  1054 | D:2      | Found a sparkling altar of Nemelex Xobeh.
  1079 | D:2      | HP: 1/24 [adder (3)]
  1751 | D:2      | Found a sacrificial altar of Ru.
  1787 | D:3      | Noticed Terence
  1796 | D:3      | Killed Terence
  1887 | D:3      | Reached XP level 5. HP: 12/28 MP: 1/13
  2040 | D:3      | Found an ancient bone altar of Kikubaaqudgha.
  2048 | D:3      | Found a deep blue altar of Sif Muna.
  2050 | D:3      | Found a radiant altar of Vehumet.
  2054 | D:3      | Identified Sif Muna's Compendium of Boosts
  2064 | D:3      | Learned a level 4 spell: Sticky Flame
  2069 | D:3      | Became a worshipper of Vehumet
  2217 | D:3      | HP: 1/28 [orc/falchion (3)]
  2645 | D:3      | Found a faded altar of an unknown god.
  2800 | D:3      | Found a bloodstained altar of Trog.
  2932 | D:3      | Reached skill level 5 in Spellcasting
  3485 | D:3      | Reached XP level 6. HP: 32/33 MP: 2/16
  3577 | D:4      | Reached skill level 5 in Fire Magic
  3871 | D:4      | Reached * piety under Vehumet
  3871 | D:4      | Offered knowledge of Magic Dart by Vehumet.
  3888 | D:4      | Reached skill level 6 in Spellcasting
  3992 | D:4      | Reached XP level 7. HP: 37/37 MP: 13/18
  4096 | D:4      | Found a shimmering altar of Xom.
  4105 | D:4      | Got a smoking scimitar
  4106 | D:4      | Identified the +6 scimitar of Fate {flame, rF- MP+9 Str+6 Dex+2} (You found it on level 4 of the Dungeon)
  4738 | D:5      | Entered Level 5 of the Dungeon
  4984 | D:5      | Reached skill level 7 in Spellcasting
  5003 | D:5      | Slain by a hornet zombie

Vault maps used:
D:1:      tarquinn_simple_flora_water_f
D:2:      grunt_temple_overflow_open, first_bread
D:3:      grunt_temple_overflow_magic_moments, lightli_temple_of_fire,
          chequers_ecumenical_altar_simple_redux, uniq_terence
D:4:      tgw_xom
D:5:      uniq_ijyb

Skill      XL: |  1  2  3  4  5  6  7 |
---------------+----------------------+-----
Fire Magic     | 4 5 6 |  6.0
Spellcasting   | 4 5 6 7 |  7.0
Stealth        | 3 |  3.9
Conjurations   | 2 3 4 |  4.4
Dodging        | 3 |  3.3
Fighting       | |  0.9

Action                   |  1- 3 |  4- 6 |  7- 9 || total
-------------------------+-------+-------+-------++-------
Melee: Unarmed           |     4 |       |       ||     4
       Flail             |       |       |     3 ||     3
 Cast: Flame Tongue      |    60 |   145 |    48 ||   253
       Sticky Flame      |       |     5 |     4 ||     9
       Conjure Flame     |       |     1 |       ||     1
  Use: Potion            |       |     1 |     1 ||     2
  Eat: Chunk             |       |    10 |       ||    10
       Meat ration       |       |       |     1 ||     1
Armor: Robe              |     5 |     9 |       ||    14
Dodge: Dodged            |    22 |    47 |    13 ||    82

Table legend:
 A = Spawn XP
 B = Non-spawn XP
 C = Spawn XP percentage of total XP
 D = Spawn monster count
 E = Non-spawn monster count
 F = Spawn count percentage of total count
 G = Total turns spent on level
                    A         B        C        D         E        F      G
               +---------+---------+-------+---------+---------+-------+---------
         Total |       0 |    1170 |   0.0 |       0 |     119 |   0.0 |  5003
               +---------+---------+-------+---------+---------+-------+---------
           D:1 |       0 |      44 |   0.0 |       0 |      23 |   0.0 |   641
           D:2 |       0 |      98 |   0.0 |       0 |      28 |   0.0 |  1135
           D:3 |       0 |     184 |   0.0 |       0 |      30 |   0.0 |  1780
           D:4 |       0 |     459 |   0.0 |       0 |      24 |   0.0 |  1182
           D:5 |       0 |     385 |   0.0 |       0 |      14 |   0.0 |   265
               +---------+---------+-------+---------+---------+-------+---------
